 Dungeon Sprint DCSS version 0.22.1-1-ga44c0e56f4 (webtiles) character file.

36 MuseOD the Firebug (level 3, 0/26 HPs)
             Began as a Hill Orc Fire Elementalist on Oct 3, 2018.
             Slain by a human (8 damage)
             ... in the Dungeon (Sprint III: "The Ten Rune Challenge").
             The game lasted 00:00:52 (418 turns).

MuseOD the Firebug (Hill Orc Fire Elementalist)      Turns: 418, Time: 00:00:53

Health: 0/26       AC:  2    Str: 10    XL:     3   Next: 37%
Magic:  2/7        EV: 12    Int: 16    God:
Gold:   7          SH:  0    Dex: 11    Spells: 4/7 levels left

rFire    . . .     SeeInvis .   b - +0 club
rCold    . . .     Gourm    .   (no shield)
rNeg     . . .     Faith    .   a - +0 robe
rPois    .         Spirit   .   (no helmet)
rElec    .         Reflect  .   (no cloak)
rCorr    .         Harm     .   (no gloves)
MR       .....     NoTele   +   (no boots)
Stlth    ++........             (no amulet)
HPRegen  0.08/turn              (no ring)
MPRegen  0.10/turn              (no ring)

@: no status effects
A: no striking features
a: no special abilities


You were in the Dungeon.
You were not hungry.

You visited 1 branch You collected 7 gold pieces.

Inventory:

Hand Weapons
 b - a +0 club (weapon)
Armour
 a - a +0 robe (worn)
Scrolls
 i - a scroll of blinking
Potions
 d - a potion of curing
 f - a potion of haste
 g - 2 potions of magic
 h - a potion of berserk rage
Comestibles
 c - a ration


   Skills:
 - Level 1.5 Dodging
 + Level 3.2 Stealth
 + Level 2.8 Spellcasting
 + Level 3.1 Conjurations
 + Level 4.8 Fire Magic


You had 4 spell levels left.
You knew the following spells:

 Your Spells              Type           Power        Failure   Level  Hunger
a - Flame Tongue          Conj/Fire      ###..        3%          1    #......
b - Throw Flame           Conj/Fire      ###...       5%          2    ##.....

Your spell library contained the following spells:

 Spells                   Type           Power        Failure   Level  Hunger
 Conjure Flame            Conj/Fire      ###.....     11%         3    ###....
 Inner Flame              Hex/Fire       #.......     22%         3    ###....
 Sticky Flame             Conj/Fire      ###.....     36%         4    #####..
 Fireball                 Conj/Fire      ###.......   71%         5    ######.


Dungeon Overview and Level Annotations

Branches:
Dungeon (1/1)

Altars:


Message History

The human hits you.
You hit the human but do no damage.
The human is severely wounded.
The human hits you but does no damage. The human hits you.
You hit the human but do no damage.
The human is severely wounded.
The human closely misses you.
You barely miss the human.
The human is severely wounded.
The human misses you.
You hit the human but do no damage.
The human is severely wounded.
The human barely misses you. The human misses you.
You miss the human.
The human is severely wounded.
The human barely misses you.
You hit the human but do no damage.
The human is severely wounded.
The human hits you!
You die...

▓▓▓▓▓▓▓▓▓
▓<..#...####
▓...#......##
▓..##....[..# .#
▓##.##.##...# .#
##.##.###..# ..#
▓#.####.##..# ...+
▓.###..##.@##
#...# ▓#.....##.p#
#....#
###..##†..##.....#
#..##....#......#
#..###..##.#..h..#
#[. #.. ####....#
▓▓▓ ▓▓▓ ▓▓▓▓▓


You could see a human.

Vanquished Creatures
  Jessica (D)
  2 oozes (D)
  A rat (D)
4 creatures vanquished.

Vanquished Creatures (others)
  2 draconian scorchers (D)
  2 yaktaurs (D)
  6 hellions (D)
  2 plants (D)
12 creatures vanquished.

Grand Total: 16 creatures vanquished

Notes
Turn   | Place    | Note
-------+----------+-------------------------------------------
     0 | D        | MuseOD the Hill Orc Fire Elementalist began the quest for
                  | the Orb.
     0 | D        | Reached XP level 1. HP: 14/14 MP: 3/3
    81 | D        | Killed a hellion
    82 | D        | Killed a hellion
   103 | D        | Killed a hellion
   104 | D        | Killed a hellion
   105 | D        | Killed a hellion
   110 | D        | Reached skill level 4 in Fire Magic
   110 | D        | Reached XP level 2. HP: 14/20 MP: 0/5
   114 | D        | Learned a level 2 spell: Throw Flame
   156 | D        | Killed a hellion
   173 | D        | Killed a yaktaur
   185 | D        | Killed a white draconian scorcher
   202 | D        | Noticed Jessica
   208 | D        | Killed Jessica
   208 | D        | Reached XP level 3. HP: 25/26 MP: 1/7
   242 | D        | Killed a white draconian scorcher
   294 | D        | Killed a yaktaur
   418 | D        | Slain by a human

Skill      XL: |  1  2 |
---------------+-------+-----
Stealth        | 2 3 |  3.2
Spellcasting   | 2 |  2.8
Conjurations   | 2 3 |  3.1
Fire Magic     | 4 |  4.8
Dodging        | |  1.5

Action                   || total
-------------------------++-------
Melee: Club              ||    14
 Cast: Flame Tongue      ||    17
  Use: Potion            ||     1
Armor: Robe              ||     2
Dodge: Dodged            ||    15
